 Dungeon Crawl Stone Soup version 0.22-a0-136-g83a10e5 (webtiles) character file.

157 Amnesiac the Shooter (level 5, -5/67 HPs)
             Began as a Draconian Wanderer on Feb 3, 2018.
             Slain by a killer bee (6 damage)
             ... on level 3 of the Dungeon.
             The game lasted 00:04:06 (1639 turns).

Amnesiac the Shooter (Draconian Wanderer)           Turns: 1639, Time: 00:04:06

Health: -5/67      AC: 22    Str: 17 (20) XL:     5   Next: 15%
Magic:  5/5        EV:  2    Int: 12 (14) God:
Gold:   84         SH:  0    Dex:  7 (9)  Spells: 4/4 levels left

rFire    . . .     SeeInvis .   (no weapon)
rCold    . . .     Gourm    .   (no shield)
rNeg     + + +     Faith    .   (armour unavailable)
rPois    +         Spirit   .   (helmet currently unavailable)
rElec    .         Reflect  .   (cloak currently unavailable)
rCorr    .         Harm     .   (gloves currently unavailable)
MR       .....     NoTele   +   (boots currently unavailable)
Stlth    +.........             (no amulet)
HPRegen  0.21/turn              (no ring)
MPRegen  0.09/turn              (no ring)

@: mighty, tree-form (expiring), hasted, very quick
A: unfitting armour, AC +5
a: no special abilities


You were on level 3 of the Dungeon.
You were not hungry.
You were a tree.
You visited 1 branch of the dungeon, and saw 4 of its levels.

You collected 84 gold pieces.

Inventory:

Hand Weapons
 a - a +2 shortbow
 e - a +0 dagger
Missiles
 m - 71 stones (quivered)
Jewellery
 p - an uncursed ring of positive energy {unknown}
 q - an uncursed ring of stealth {unknown}
Scrolls
 c - a scroll of teleportation {!r}
 l - 2 scrolls of magic mapping {!r, unknown}
 n - 2 scrolls of fog {!r, unknown}
 o - a scroll of identify {!r, unknown}
Potions
 j - a potion of curing {!q}
Comestibles
 f - 4 rations
 i - 6 chunks of flesh


   Skills:
 - Level 3.2 Fighting
 + Level 4.9 Bows
 - Level 1.7 Throwing
 - Level 1.0 Dodging
 - Level 1.7 Stealth


You had 4 spell levels left.
You didn't know any spells.

Dungeon Overview and Level Annotations

Branches:
Dungeon (4/15)
 Temple: D:4-7

Altars:
Ashenzari
Fedhas
Gozag
Kikubaaqudgha
Ru
Vehumet

Annotations:
D:3 Robin; Yosebu's ghost, amateur HOFi


Innate Abilities, Weirdness & Mutations

((Your plain brown scales are hard. (AC +5)))
You cannot fit into any form of body armour.
((You are cold-blooded and may be slowed by cold attacks.))


Message History

You feel sick.
The killer bee stings you but does no damage. x3
The killer bee barely misses you. The killer bee stings you.
* * * LOW HITPOINT WARNING * * *
The killer bee completely misses you.
The killer bee stings you but does no damage.
You swing at nothing.
You feel less invigorated.
You feel less confused.
You feel sick. The killer bee completely misses you.
The killer bee stings you but does no damage.
The killer bee stings you.
* * * LOW HITPOINT WARNING * * *
The killer bee stings you but does no damage.
The killer bee stings you.
* * * LOW HITPOINT WARNING * * *
The killer bee stings you but does no damage. x2
Really attack barehanded?
Okay, then.
Really attack barehanded?
You miss the killer bee.
* * * LOW HITPOINT WARNING * * *
You feel sick.
The killer bee stings you but does no damage. x2
The killer bee stings you.
* * * LOW HITPOINT WARNING * * *
The killer bee stings you but does no damage. x2
The killer bee barely misses you.
The killer bee stings you but does no damage.
The killer bee stings you.
* * * LOW HITPOINT WARNING * * *
You smack the killer bee!
The killer bee is severely wounded.
* * * LOW HITPOINT WARNING * * *
You feel sick.
The killer bee stings you but does no damage. x4
The killer bee stings you.
* * * LOW HITPOINT WARNING * * *
The killer bee stings you but does no damage.
The killer bee barely misses you.
Really quaff
j - 2 potions of curing {!q}?
You feel better.
The plant looks more healthy.
The killer bee stings you.
* * * LOW HITPOINT WARNING * * *
The killer bee stings you but does no damage. x4
You closely miss the killer bee.
The killer bee is almost dead.
The killer bee stings you but does no damage. x3
The killer bee barely misses you. The killer bee stings you.
* * * LOW HITPOINT WARNING * * *
The killer bee stings you.
* * * LOW HITPOINT WARNING * * *
The killer bee barely misses you.
The killer bee stings you but does no damage.
You closely miss the killer bee.
The killer bee is almost dead.
The killer bee stings you but does no damage.
The killer bee barely misses you.
The killer bee stings you but does no damage. x5
You closely miss the killer bee.
The killer bee is almost dead.
The killer bee stings you.
* * * LOW HITPOINT WARNING * * *
The killer bee stings you but does no damage. x2
The killer bee stings you.
You die... ....≈P.P ...P.P≈≈ # ...PPPP≈≈ .#.PPP≈♣≈≈PP ####.≈PP♣≈≈≈PPP# ##≈PP≈≈≈♣≈≈PPPyy ##P.P≈≈≈♣ PPP$.y. #yyP≈≈♣≈♣ P#..... ###### #♣y≈(≈♣♣ PP.....

##.)..# #yyP≈≈≈♣
P......
♣≈)♣♣.####.PPP≈♣≈♣
♣.≈♣♣......#≈≈PP≈≈≈♣yy.
♣♣≈P♣♣..#####P≈PP≈♣≈≈≈≈
♣≈♣♣♣♣...# #...≈PPP≈
♣♣≈♣♣ ♣♣♣.# #.##P≈PP
≈≈≈≈♣≈♣♣≈.# #.#
#.###### ≈.≈≈≈≈≈...#
#.# #.#.....


You could see 5 killer bees.

Vanquished Creatures
  An orc wizard (D:3)
  A howler monkey skeleton (D:4)
  4 adders (D:2)
  An ooze (D:2)
  An adder skeleton (D:4)
  3 dart slugs
  A leopard gecko (D:2)
  An orc (D:3)
  2 ball pythons (D:1)
  5 bats
  5 giant cockroaches
  7 goblins
  5 hobgoblins
  11 jackals
  7 kobolds
  2 frilled lizards
  5 rats
62 creatures vanquished.

Vanquished Creatures (others)
  5 plants (D:3)
5 creatures vanquished.

Grand Total: 67 creatures vanquished

Notes
Turn   | Place    | Note
-------+----------+-------------------------------------------
     0 | D:1      | Amnesiac the Draconian Wanderer began the quest for the Orb.
     0 | D:1      | Amnesiac set off with: a +2 shortbow, 26 arrows, a scroll of teleportation {!r}, a potion of lignification {!q}, a +0 dagger, a ration
     0 | D:1      | Reached XP level 1. HP: 19/19 MP: 1/1
    24 | D:1      | Reached skill level 2 in Bows
    57 | D:1      | Reached XP level 2. HP: 20/26 MP: 2/2
   256 | D:1      | Reached skill level 3 in Bows
   493 | D:1      | Reached XP level 3. HP: 31/31 MP: 3/3
   671 | D:2      | Found a radiant altar of Vehumet.
   828 | D:2      | Reached skill level 4 in Bows
   828 | D:2      | Reached XP level 4. HP: 38/38 MP: 4/4
  1108 | D:2      | Found a blossoming altar of Fedhas.
  1109 | D:2      | Found an ancient bone altar of Kikubaaqudgha.
  1272 | D:3      | Noticed Yosebu's ghost (amateur HOFi)
  1280 | D:3      | Noticed Robin
  1360 | D:3      | Found a sacrificial altar of Ru.
  1455 | D:4      | Found a shattered altar of Ashenzari.
  1462 | D:4      | Found an opulent altar of Gozag.
  1534 | D:3      | Reached XP level 5. HP: 39/45 MP: 5/5
  1639 | D:3      | HP: 1/67 [killer bee (4)]
  1639 | D:3      | Slain by a killer bee

Vault maps used:
D:1:      lightli_arrival_statue_moat, minmay_misc_feat_alley
D:2:      grunt_temple_overflow_growth_and_decay, old_standard_altar,
          minmay_pentomino_q2
D:3:      nicolae_ru_sacrificial_ziggurat, serial_bayou, serial_bayou_pond_a,
          serial_bayou_crossing, serial_bayou_lagoon_a, serial_bayou_lagoon_b,
          uniq_robin
D:4:      kennysheep_goblin_castle, lemuel_round_altar, temple_pool_b,
          first_ration, ashenzari_altar_1

Skill      XL: |  1  2  3 |
---------------+----------+-----
Bows           | 2 3 4 |  4.9
Fighting       | |  3.2
Throwing       | |  1.7
Dodging        | |  1.0
Stealth        | |  1.7

Action                   |  1- 3 |  4- 6 || total
-------------------------+-------+-------++-------
Melee: Dagger            |       |    25 ||    25
       Tailslap          |       |     3 ||     3
       Unarmed           |       |     7 ||     7
 Fire: Shortbow          |   102 |    64 ||   166
Throw: Stone             |       |     2 ||     2
  Use: Potion            |       |     8 ||     8
 Stab: Sleeping          |       |     1 ||     1
  Eat: Chunk             |       |     2 ||     2
Armor: Skin              |    19 |   142 ||   161
Dodge: Dodged            |    21 |    42 ||    63

Table legend:
 A = Spawn XP
 B = Non-spawn XP
 C = Spawn XP percentage of total XP
 D = Spawn monster count
 E = Non-spawn monster count
 F = Spawn count percentage of total count
 G = Total turns spent on level
                    A         B        C        D         E        F      G
               +---------+---------+-------+---------+---------+-------+---------
         Total |       0 |     225 |   0.0 |       0 |      62 |   0.0 |  1639
               +---------+---------+-------+---------+---------+-------+---------
           D:1 |       0 |      46 |   0.0 |       0 |      27 |   0.0 |   542
           D:2 |       0 |     104 |   0.0 |       0 |      26 |   0.0 |   752
           D:3 |       0 |      55 |   0.0 |       0 |       7 |   0.0 |   257
           D:4 |       0 |      20 |   0.0 |       0 |       2 |   0.0 |    88
               +---------+---------+-------+---------+---------+-------+---------
